 Dungeon Crawl Stone Soup version 0.22.1-2-g9c5b331 (webtiles) character file.

238 WarriorsX the Slasher (level 6, 0/49 HPs)
             Began as a Human Fighter on Dec 9, 2018.
             Slain by a worker ant (2 damage)
             ... on level 4 of the Dungeon.
             The game lasted 00:05:47 (3228 turns).

WarriorsX the Slasher (Human Fighter)               Turns: 3228, Time: 00:05:47

Health: 0/49       AC:  6    Str: 18    XL:     6   Next: 28%
Magic:  6/6        EV:  9    Int:  9    God:
Gold:   218        SH:  0    Dex: 12    Spells: 5/5 levels left

rFire    . . .     SeeInvis .   a - +0 long sword
rCold    . . .     Gourm    .   (no shield)
rNeg     . . .     Faith    .   b - +0 scale mail
rPois    .         Spirit   .   (no helmet)
rElec    .         Reflect  .   (no cloak)
rCorr    .         Harm     .   (no gloves)
MR       .....                  (no boots)
Stlth    ..........             (no amulet)
HPRegen  0.16/turn              (no ring)
MPRegen  0.10/turn              (no ring)

@: lethally poisoned (0 -> -5)
A: no striking features
a: no special abilities


You were on level 4 of the Dungeon.
You were near starving.

You visited 1 branch of the dungeon, and saw 4 of its levels.

You collected 218 gold pieces.

Inventory:

Hand Weapons
 a - a +0 long sword (weapon)
 o - a +0 short sword of electrocution
Armour
 b - a +0 scale mail (worn)
Jewellery
 p - an uncursed ring of protection from magic {unknown}
Wands
 m - a wand of random effects (19)
Scrolls
 h - 5 scrolls of identify {unknown}
 j - a scroll of fear {unknown}
 k - a scroll of immolation {unknown}
 l - a scroll of amnesia {unknown}
 n - 2 scrolls of remove curse {unknown}
 q - a scroll of enchant weapon {unknown}
Potions
 c - a potion of lignification {unknown}
 d - 3 potions of might
 e - a potion of heal wounds {unknown}
 g - 2 potions of agility {unknown}
 i - a potion of curing
 r - a potion of degeneration {unknown}
Comestibles
 f - 4 rations


   Skills:
 + Level 4.6 Fighting
 - Level 5.0 Long Blades
 - Level 3.0 Armour
   Level 3.0 Shields


You had 5 spell levels left.
You didn't know any spells.
Your spell library was empty.

Dungeon Overview and Level Annotations

Branches:
Dungeon (4/15)
 Temple: D:4-7

Altars:
Dithmenos
Ru
Uskayaw
Vehumet


Message History

The worker ant closely misses you.
You hit the worker ant.
The worker ant is heavily wounded.
The worker ant bites you. x2
* * * LOW HITPOINT WARNING * * *
You hit the worker ant.
The worker ant is heavily wounded.
The worker ant bites you but does no damage.
You hit the worker ant but do no damage.
The worker ant is heavily wounded.
The worker ant bites you.
* * * LOW HITPOINT WARNING * * *
You are poisoned.
The worker ant poisons you!
You hit the worker ant.
The worker ant is severely wounded.
You feel sick. The worker ant bites you.
* * * LOW HITPOINT WARNING * * *
The worker ant bites you.
You die...

#.# #.# #.# #.#
#.# #<# ### ###
#.# ######.###.#
#.# #.##.......#
#.####.####.###@#
#.##........# #a#
#.####.#...## #..
#.# #.#...# #.##
#.# #.#...# #.#
#.####.#...# #.#
#......#.... ..#
............##
..#
####...........


You could see a worker ant.

Vanquished Creatures
  An orc wizard (D:3)
  An orc priest (D:3)
  Jessica (D:2)
  A worker ant (D:2)
  3 adders
  An ooze (D:1)
  3 worms
  5 dart slugs
  2 leopard geckos (D:3)
  5 orcs (D:3)
  A ball python (D:3)
  8 bats
  2 giant cockroaches
  9 hobgoblins
  6 jackals (D:1)
  7 frilled lizards
  4 goblins (D:1)
  9 kobolds
  8 rats
77 creatures vanquished.

Notes
Turn   | Place    | Note
-------+----------+-------------------------------------------
     0 | D:1      | WarriorsX the Human Fighter began the quest for the Orb.
     0 | D:1      | Reached XP level 1. HP: 18/18 MP: 1/1
   359 | D:1      | Reached XP level 2. HP: 22/24 MP: 2/2
   421 | D:1      | Reached skill level 3 in Long Blades
   605 | D:1      | Reached XP level 3. HP: 22/29 MP: 3/3
  1158 | D:1      | Reached skill level 4 in Long Blades
  1158 | D:1      | Reached XP level 4. HP: 18/35 MP: 4/4
  1274 | D:2      | Found a hide-covered altar of Uskayaw.
  1290 | D:2      | Found a shadowy altar of Dithmenos.
  1347 | D:2      | Found a sacrificial altar of Ru.
  1450 | D:2      | Noticed Jessica
  1454 | D:2      | Killed Jessica
  1454 | D:2      | Reached XP level 5. HP: 41/41 MP: 5/5
  1457 | D:2      | Found a radiant altar of Vehumet.
  1474 | D:2      | Reached skill level 5 in Long Blades
  2598 | D:3      | Reached XP level 6. HP: 40/48 MP: 6/6
  3221 | D:4      | HP: 2/49 [worker ant (6)]
  3228 | D:4      | HP: 2/49 [worker ant (5)]
  3228 | D:4      | Slain by a worker ant

Skill      XL: |  1  2  3  4  5 |
---------------+----------------+-----
Long Blades    | 3 4 5 |  5.0
Fighting       | 4 |  4.6
Armour         | |  3.0
Shields        | |  3.0

Action                   |  1- 3 |  4- 6 || total
-------------------------+-------+-------++-------
Melee: Long sword        |    98 |   161 ||   259
  Use: Potion            |       |     2 ||     2
  Eat: Chunk             |       |     6 ||     6
Armor: Scale mail        |    57 |    61 ||   118
Dodge: Dodged            |    76 |    63 ||   139
       Rpst.: Long sword |    20 |    20 ||    40
